[Event "Live Chess"]
[Site "Chess.com"]
[Date "2023.05.20"]
[Round "-"]
[White "WelshTiger"]
[Black "BogdanBeleiUkraine"]
[Result "1-0"]
[WhiteElo "2428"]
[BlackElo "1203"]
[TimeControl "300"]
[EndTime "10:42:42 PDT"]
[Termination "WelshTiger won by checkmate"]

1. e4 e5 2. Nf3 Nc6 3. d4 exd4 4. Bc4 h6 5. O-O Bc5 6. c3 dxc3 7. Bxf7+ Kf8 8. Bxg8 Kxg8 9. Qd5+ Kh7 10. Qxc5 b6 11.
Qf5+ g6 12. Qf7# 1-0

[Event "Live Chess"]
[Site "Chess.com"]
[Date "2023.05.20"]
[Round "-"]
[White "Leonid_Starozhilov"]
[Black "EdenHazard8"]
[Result "1-0"]
[WhiteElo "2659"]
[BlackElo "2124"]
[TimeControl "300"]
[EndTime "10:42:46 PDT"]
[Termination "Leonid_Starozhilov won by resignation"]

1. e4 c6 2. Nf3 d5 3. Nc3 dxe4 4. Nxe4 Nf6 5. Qe2 Nxe4 6. Qxe4 Nd7 7. Bc4 Nf6 8. Ne5 e6 9. Qe2 Bd6 10. d4 h6 11. O-O O-O 12. c3 Qc7 13. Bf4 Nd5 14. Bg3 b5 15. Bd3 Bb7 16. Rae1 Rae8 17. Qe4 Nf6 18.
Qh4 c5 19. Bf4 c4 20. Bc2 Nd5 21. Bc1 Be7 22. Qh3 f5 23. Ng6 Rf6 24. Ne5 Rff8 25. Re2 Bf6 26. Nf3 Nf4 27. Bxf4 Qxf4 28. Qg3 Qxg3 29. hxg3 Bd5 30. Rfe1 Rf7 31. a4 a6 32.
axb5 axb5 33. Ra1 Rff8 34. Ne5 Bxe5 35. Rxe5 Ra8 36. Rxa8 Rxa8 37. Bxf5 Ra1+ 38. Kh2 exf5 39. Rxd5 b4 40. Rc5 b3 41. Rxc4 Ra2 42. Rb4 Rxb2 43.
c4 Rb1 44. c5 b2 45. c6 Kf7 46. c7 Rc1 47. Rxb2 Rxc7 48. Rb6 Rd7 49. Rb4 Ke6 50. Kh3 g5 51. g4 f4 52. g3 Kd5 53. gxf4 gxf4 54.
Kg2 Ke4 55. d5+ Kxd5 56. Kf3 Ke5 57. Re4+ Kf6 58. Rxf4+ Kg5 59. Rf5+ Kg6 60. Kg3 Rd3+ 61. f3 Rd5 62. Rxd5 1-0

[Event "Live Chess"]
[Site "Chess.com"]
[Date "2023.05.20"]
[Round "-"]
[White "Tilbs_12"]
[Black "defenderalist"]
[Result "0-1"]
[WhiteElo "1586"]
[BlackElo "1591"]
[TimeControl "300"]
[EndTime "10:42:51 PDT"]
[Termination "defenderalist won on time"]

1. e4 e5 2. Nf3 Nc6 3. c3 Bc5 4. d4 exd4 5. cxd4 Bb4+ 6. Nc3 d5 7. e5 Bg4 8. Be2 Nge7 9. O-O O-O 10. h3 Bh5 11.
Be3 a6 12. Qb3 Nf5 13. Nxd5 Nxe3 14. Nxe3 Ba5 15. Rad1 Bb6 16. d5 Bxf3 17. Bxf3 Nxe5 18. Be4 Bxe3 19. Qxe3 f6 20. Qb3 Kh8 21. Qxb7 Rb8 22. Qxa6 Rxb2 23. a4 Qd6 24. Qxd6 cxd6 25. Ra1 Ra8 26. a5 Nc4 27. a6 Nd2 28. Rfe1 Nxe4 29. Rxe4 h6 30. Re7 Rb6 31. a7 Kg8 32. Kf1 Kf8 33. Rc7 Kg8 34. Ke2 Kh7 35. Kf3 Kg6 36.
Kf4 Rb4+ 37. Kg3 f5 38. Rd7 Rb6 39. h4 Kf6 40. Kf3 g5 41. hxg5+ hxg5 42. g3 Ke5 43.
Rf7 g4+ 44. Ke3 Rb3+ 45. Ke2 Rf3 46. Rd1 Ra3 47. Re7+ Kf6 48. Re6+ Kg5 49. Rxd6 R8xa7 50. Rc6 Re7+ 51. Re6 Rd7 52. d6 Ra2+ 53. Ke3 Ra3+ 54.
Kd4 Ra6 55. Kc5 Ra5+ 56. Kc6 Rda7 57. d7 R7a6+ 58. Kc7 Ra7+ 59. Kd8 f4 60. gxf4+ Kf5 61. Rc6 Kxf4 62. Ke7 Re5+ 0-1

[Event "Live Chess"]
[Site "Chess.com"]
[Date "2023.05.20"]
[Round "-"]
[White "domrobson"]
[Black "PaulyD81"]
[Result "1-0"]
[WhiteElo "1743"]
[BlackElo "1156"]
[TimeControl "300"]
[EndTime "10:42:51 PDT"]
[Termination "domrobson won by resignation"]

1. d4 Nf6 2. c4 e6 3. Nf3 Bb4+ 4. Bd2 Bxd2+ 5. Qxd2 d5 6. Nc3 b6 7. cxd5 Nxd5 8. e4 Nxc3 9. bxc3 Bb7 10. Bd3 O-O 11.
O-O c5 12. e5 cxd4 13. cxd4 Bxf3 14. gxf3 Qxd4 15. Bxh7+ Kxh7 16. Qxd4 Nc6 17. Qe4+ Kg8 18.
Qxc6 Rac8 19. Qb7 Ra8 20. Rac1 Rfb8 21. Qe4 g6 22. Rc7 Rf8 23. Qb7 Rab8 24. Qxa7 Ra8 25.
Qxb6 Rxa2 26. Rfc1 Raa8 27. Qe3 Ra3 28. Qxa3 1-0

[Event "Live Chess"]
[Site "Chess.com"]
[Date "2023.05.20"]
[Round "-"]
[White "GMHarry-youtube"]
[Black "ViktorTheCoolBoy"]
[Result "0-1"]
[WhiteElo "2152"]
[BlackElo "2542"]
[TimeControl "300"]
[EndTime "10:42:53 PDT"]
[Termination "ViktorTheCoolBoy won by checkmate"]

1. e4 c5 2. Nf3 Nc6 3. Bb5 e6 4. O-O Nge7 5. Re1 a6 6. Bf1 d5 7.
exd5 Nxd5 8. c3 Be7 9. d4 O-O 10. Bd3 cxd4 11. Nxd4 Nxd4 12. cxd4 Bf6 13. Nc3 Nb4 14. Be3 Nxd3 15. Qxd3 b5 16. d5 exd5 17. Nxd5 Bxb2 18. Rad1 Be6 19. Bc5 Qxd5 20. Qxd5 Bxd5 21. Bxf8 Bxa2 22. Bb4 Be6 23. f4 g6 24. Rd2 Bf6 25. Bd6 a5 26. Be5 Bxe5 27. Rxe5 b4 28. Rb5 b3 29.
Rc5 a4 30. Rc1 a3 31. Rb1 b2 32. Kf2 a2 33. Rdxb2 axb1=Q 34. Rxb1 Ra2+ 35. Kg3 Bd5 36. Rg1 f5 37. Kh3 h5 38. g3 Kg7 39. Rd1 Bg2+ 40. Kh4 Bf3 41. Rd7+ Kh6 42. h3 Rh2 43. g4 Bxg4 44. Rd3 Rxh3+ 45. Rxh3 Bxh3 46. Kxh3 g5 47. Kg3 h4+ 48. Kf3 g4+ 49. Kg2 Kg6 50. Kf2 Kf6 51. Kg1 Ke6 52. Kf1 Kd5 53. Kf2 Ke4 54.
Kg2 Kxf4 55. Kg1 Kg3 56. Kf1 Kh2 57. Kf2 g3+ 58. Kf3 g2 59. Kf4 g1=Q 60. Kxf5 Kg3 61. Ke4 Qf2 62. Kd3 Qf3+ 63. Kc4 h3 64. Kc5 h2 65. Kb5 h1=Q 66. Ka4 Qb1 67. Ka5 Qa8# 0-1

[Event "Live Chess"]
[Site "Chess.com"]
[Date "2023.05.20"]
[Round "-"]
[White "mliszewski"]
[Black "Prijmak"]
[Result "1-0"]
[WhiteElo "1898"]
[BlackElo "998"]
[TimeControl "300"]
[EndTime "10:43:03 PDT"]
[Termination "mliszewski won by resignation"]

1. d4 e5 2. dxe5 Nc6 3. Nf3 Qe7 4. Bf4 d6 5. exd6 cxd6 6. Nc3 Be6 7. e3 O-O-O 8. Bd3 h6 9. O-O g5 10. Bg3 Nf6 11. Nd4 Nxd4 12. exd4 Nh5 13. Re1 Nxg3 14.
fxg3 Qd7 15. Qf3 f5 16. Rxe6 Qxe6 17. Bxf5 Qxf5 18. Qxf5+ Kc7 19. Nd5+ Kc6 20. c4 Bg7 21. Ne7+ Kc7 22. d5 Bd4+ 23. Kh1 Rdf8 24. Qd3 Bc5 25. a3 a5 26. Ng6 Rhg8 27. Nxf8 Rxf8 28. Re1 Rf7 29.
h3 b6 30. Qg6 Rd7 31. Qe8 Bf2 32. Re7 Rxe7 33. Qxe7+ Kc8 34. Qf8+ Kd7 35. Qxf2 1-0

[Event "Live Chess"]
[Site "Chess.com"]
[Date "2023.05.20"]
[Round "-"]
[White "yeetpizza74"]
[Black "zdanevych"]
[Result "0-1"]
[WhiteElo "448"]
[BlackElo "1545"]
[TimeControl "300"]
[EndTime "10:43:15 PDT"]
[Termination "zdanevych won by checkmate"]

1. e4 c5 2. d4 cxd4 3. Qxd4 Nc6 4. Qd1 e5 5. Nf3 Nf6 6. Nc3 Bb4 7. Bd2 a6 8. Nd5 Bxd2+ 9. Qxd2 Nxe4 10. Qe3 Qa5+ 11. c3 Qxd5 12. Bd3 f5 13. c4 Qc5 14. Bxe4 Qxe3+ 15. fxe3 fxe4 16. Nd2 O-O 17. O-O-O Nb4 18. Rhf1 Rxf1 19.
Rxf1 Nd3+ 20. Kd1 b5 21. cxb5 axb5 22. Nxe4 Bb7 23. Kd2 Bxe4 24. b3 Rxa2+ 25. Kc3 b4+ 26.
Kc4 d5+ 27. Kb5 Rxg2 28. Kc6 d4+ 29. Kd7 h6 30. exd4 exd4 31. Ke7 Rxh2 32. Rf8+ Kh7 33. Kf7 Rf2+ 34. Ke8 Rxf8+ 35. Kxf8 Nc5 36. Ke7 d3 37. Kd6 d2 38. Kxc5 d1=Q 39. Kxb4 Qd4+ 40. Ka5 Qc3+ 41. b4 g5 42. Ka6 Qc6+ 43. Ka5 Qc7+ 44. Ka6 Bd3+ 45.
b5 Qc8+ 46. Ka5 g4 47. b6 Qa8+ 48. Kb4 Qb7 49. Kc5 g3 50. Kd4 g2 51. Kxd3 g1=Q 52. Ke2 Qg4+ 53. Ke3 Qbf3+ 54. Kd2 Qgg2+ 55.
Ke1 Qff1# 0-1

[Event "Live Chess"]
[Site "Chess.com"]
[Date "2023.05.20"]
[Round "-"]
[White "NAZRIZ1977"]
[Black "18Ziyad"]
[Result "1-0"]
[WhiteElo "2146"]
[BlackElo "986"]
[TimeControl "300"]
[EndTime "10:43:15 PDT"]
[Termination "NAZRIZ1977 won by checkmate"]

1. c4 e5 2. g3 Nf6 3. Bg2 d6 4.
d4 exd4 5. Qxd4 Nc6 6. Qd1 Bd7 7. Nc3 g6 8. Nf3 Bg7 9. O-O O-O 10. Rb1 Qe7 11.
Bg5 Rfe8 12. Nd5 Qe6 13. Nxc7 Qxe2 14. Qxe2 Rxe2 15. Nxa8 Ne4 16. Nc7 Nxg5 17. Nxg5 Bc8 18. Nd5 Bxb2 19. Rfe1 Rxe1+ 20. Rxe1 Bd7 21. Rb1 Bd4 22.
Rxb7 Be6 23. Nxe6 fxe6 24. Ne7+ Nxe7 25. Rxe7 e5 26. Bd5+ Kh8 27. g4 Bc5 28. g5 a5 29.
Re8+ Kg7 30. Rg8# 1-0

[Event "Live Chess"]
[Site "Chess.com"]
[Date "2023.05.20"]
[Round "-"]
[White "peter-785"]
[Black "wot-not"]
[Result "0-1"]
[WhiteElo "1157"]
[BlackElo "1463"]
[TimeControl "300"]
[EndTime "10:43:19 PDT"]
[Termination "wot-not won on time"]

1. e4 e5 2. Nf3 d6 3. Bc4 f5 4.
d4 fxe4 5. Nfd2 Nf6 6. dxe5 dxe5 7. O-O Bc5 8. Nb3 Qxd1 9. Rxd1 Bb6 10. Nc3 Bf5 11. Bg5 Nbd7 12. Na4 O-O-O 13. Bxf6 gxf6 14. Nxb6+ Nxb6 15. Be2 Nd5 16. c4 Nf4 17. Bf1 Nd3 18. Bxd3 exd3 19. Nc5 e4 20. b3 b6 21. Na4 Bg6 22. Rd2 f5 23. Nc3 c6 24. Rad1 h5 25. h4 Rhg8 26. Kh2 Bf7 27. g3 Kb7 28. Rf1 a6 29.
Nd1 b5 30. c5 a5 31. Ne3 Be6 32. Ng2 a4 33. b4 a3 34. Nf4 Bf7 35. Rfd1 Rd4 36.
Ne2 Rxb4 37. Nc3 Rb2 38. Rxb2 axb2 39. Rb1 b4 40. Nd1 Bxa2 41. Rxb2 b3 42. Nc3 Rd8 43. Nd1 d2 0-1

[Event "Live Chess"]
[Site "Chess.com"]
[Date "2023.05.20"]
[Round "-"]
[White "Ian-Morley"]
[Black "wadsy27"]
[Result "0-1"]
[WhiteElo "1032"]
[BlackElo "2587"]
[TimeControl "300"]
[EndTime "10:43:21 PDT"]
[Termination "wadsy27 won by resignation"]

1. e4 e6 2. d4 d5 3. e5 c5 4. c3 Nc6 5. Nf3 Qb6 6. a3 c4 7.
Be2 Na5 8. Nbd2 Bd7 9. O-O Ne7 10. Qe1 Ba4 11. Rb1 Bc2 12. Ra1 h6 13. Bd1 Bh7 14.
Nb1 O-O-O 15. Qd2 Kb8 16. Ra2 Bxb1 17. Ra1 Bh7 18. b4 cxb3 19. Bb2 Nc4 20. Qc1 Nc6 21. Nd2 Nxd2 22. Qxd2 Na5 23. Be2 Nc4 24. Qc1 Be7 25.
Rd1 a5 26. Bxc4 dxc4 27. Qf4 Bg6 28. g3 Bg5 29. Qf3 Rd5 30. Bc1 b2 31. Bxb2 Qxb2 0-1

[Event "Live Chess"]
[Site "Chess.com"]
[Date "2023.05.20"]
[Round "-"]
[White "smoggyrabbit"]
[Black "misha464"]
[Result "1-0"]
[WhiteElo "1616"]
[BlackElo "745"]
[TimeControl "300"]
[EndTime "10:43:25 PDT"]
[Termination "smoggyrabbit won by resignation"]

1. d4 d5 2. Nf3 Bg4 3. Ne5 Be6 4. e3 f6 5. Nf3 Bg4 6. Nbd2 e6 7. h3 Bxf3 8. Nxf3 Bd6 9. Bd3 Ne7 10. b3 Nbc6 11. Bb2 Qd7 12. c4 dxc4 13. bxc4 e5 14. c5 exd4 15. cxd6 Qxd6 16. Bxd4 O-O 1-0

[Event "Live Chess"]
[Site "Chess.com"]
[Date "2023.05.20"]
[Round "-"]
[White "DerbyKnight"]
[Black "bedsdrout"]
[Result "1-0"]
[WhiteElo "1604"]
[BlackElo "417"]
[TimeControl "300"]
[EndTime "10:43:28 PDT"]
[Termination "DerbyKnight won by checkmate"]

1. e4 e5 2. Nf3 Bc5 3. d4 Bb6 4. Bc4 exd4 5. Nxd4 Qh4 6. O-O c6 7. Nf5 Qh5 8. Qxh5 Bc7 9. Nxg7+ Kf8 10. Bh6 Ke7 11. Qxf7+ Kd6 12. e5+ Kxe5 13. Re1+ Kd6 14. Bf4+ Kc5 15. Bxc7 Na6 16. Nc3 d6 17. Bxd6+ Kxd6 18. Rad1+ Kc5 19. Qf8+ Kxc4 20. Re4# 1-0

[Event "Live Chess"]
[Site "Chess.com"]
[Date "2023.05.20"]
[Round "-"]
[White "Ninifu"]
[Black "FlyingChessKestrel13"]
[Result "0-1"]
[WhiteElo "1985"]
[BlackElo "2132"]
[TimeControl "300"]
[EndTime "10:43:42 PDT"]
[Termination "FlyingChessKestrel13 won on time"]

1. d4 d5 2. c4 dxc4 3. Nf3 Nf6 4. Nc3 a6 5. e4 e6 6. Bxc4 b5 7. Bd3 b4 8. Ne2 c5 9. O-O cxd4 10. Nexd4 Bc5 11. Nb3 Be7 12. Qe2 O-O 13. Rd1 Qc7 14. Bg5 a5 15. Rac1 Qb7 16. e5 Nd5 17. Bxe7 Qxe7 18.
Qe4 g6 19. Nbd4 Bb7 20. Qg4 Nd7 21. Nc6 Bxc6 22. Rxc6 Nc5 23. Bb1 Na4 24. Ng5 Nxb2 25. Rd4 Rac8 26. Rxc8 Rxc8 27. h4 Rc1+ 28. Kh2 Rxb1 29.
h5 Re1 30. hxg6 fxg6 31. Nxe6 Rxe5 32. Ng5 Rxg5 0-1

[Event "Live Chess"]
[Site "Chess.com"]
[Date "2023.05.20"]
[Round "-"]
[White "Jio85"]
[Black "Greenbecker"]
[Result "1/2-1/2"]
[WhiteElo "2006"]
[BlackElo "1663"]
[TimeControl "300"]
[EndTime "10:43:46 PDT"]
[Termination "Game drawn - timeout vs insufficient material"]

1. e4 e6 2. d4 d5 3. e5 c5 4. c3 Nc6 5. Nf3 Qb6 6. Bd3 cxd4 7. O-O Bd7 8. Re1 Nge7 9. h3 Ng6 10.
g3 dxc3 11. Nxc3 Bb4 12. a3 Bxc3 13. bxc3 O-O 14. Be3 Qc7 15. Bd4 Nxd4 16. cxd4 Rac8 17. Qd2 Qc3 18. Qe3 Qa5 19. h4 Rc3 20. h5 Ne7 21.
Rec1 Rfc8 22. Rxc3 Rxc3 23. Rc1 Rxc1+ 24. Qxc1 Nc6 25.
Qg5 Qxa3 26. h6 g6 27. Qf6 Qf8 28. Ng5 Be8 29. Bxg6 fxg6 30. Qxe6+ Bf7 31. Qd7 Nxd4 32. e6 Nxe6 33. Nxe6 Bxe6 34. Qxe6+ Qf7 35. Qc8+ Qf8 36. Qxb7 Qxh6 37. Qxd5+ Kf8 38. Qa8+ Kf7 39. Qxa7+ Kg8 40. Qa2+ Kg7 41. Qb2+ Kg8 42. Qb3+ Kg7 43. Qc3+ Kg8 44.
Qc4+ Kg7 45. Qc7+ Kg8 46. Qc4+ Kg7 47. Qd4+ Kg8 48. Qd5+ Kg7 49. Qe5+ Kg8 50. Qe6+ Kg7 51. Qe7+ Kg8 52. Qd8+ Kg7 53. Qe7+ Kg8 54. Qe6+ Kg7 55. Qe3 Qxe3 56. fxe3 Kf6 57. Kf2 Ke5 58. Kf3 h5 59.
Kf2 g5 60. Kg2 Ke4 61. Kf2 h4 62. g4 h3 63. Kg3 Kxe3 64. Kxh3 Kf4 65. Kh2 Kxg4 66.
Kg1 Kg3 67. Kf1 Kh2 68. Ke2 g4 69. Kd3 g3 70. Ke3 g2 71. Kf2 g1=Q+ 72. Kf3 Qg3+ 73. Ke4 Kh3 74. Kd5 1/2-1/2

[Event "Live Chess"]
[Site "Chess.com"]
[Date "2023.05.20"]
[Round "-"]
[White "Enhard"]
[Black "lord_cll"]
[Result "1-0"]
[WhiteElo "1441"]
[BlackElo "1199"]
[TimeControl "300"]
[EndTime "10:43:46 PDT"]
[Termination "Enhard won by resignation"]

1. d4 Nf6 2. Bf4 g6 3. e3 Bg7 4. h3 d6 5. Nf3 O-O 6. c3 Nbd7 7. Bh2 Re8 8. Bb5 c6 9. Be2 e5 10. dxe5 dxe5 11. O-O e4 12. Nd4 Nb6 13. Nd2 Nbd5 14.
Re1 b5 15. Nxc6 Qb6 16. Nd4 Nd7 17. Bxb5 a6 18. Bc6 Bb7 19. Bxd7 1-0

[Event "Live Chess"]
[Site "Chess.com"]
[Date "2023.05.20"]
[Round "-"]
[White "Dark_Night123"]
[Black "Missedidea"]
[Result "0-1"]
[WhiteElo "1575"]
[BlackElo "1698"]
[TimeControl "300"]
[EndTime "10:43:48 PDT"]
[Termination "Missedidea won by resignation"]

1. e4 c5 2. c3 Nf6 3. e5 Nd5 4. d4 cxd4 5. cxd4 d6 6. f4 Nc6 7.
Nc3 dxe5 8. fxe5 Bf5 9. Nf3 e6 10. Bb5 Qb6 11. Bxc6+ Qxc6 12. Nxd5 Qxd5 13. O-O Be7 14.
Qa4+ b5 15. Qd1 O-O 16. Be3 Rfd8 17. a3 h6 18. Rc1 Rac8 19. Qd2 Qb3 20. Rc3 Rxc3 21.
Qxc3 Qxc3 22. bxc3 Rc8 23. Rc1 Bxa3 24. Ra1 Bb2 25. Rxa7 Bxc3 26. Nd2 b4 27. Nb3 Bc2 28. Nc5 b3 29. Na4 b2 0-1

[Event "Live Chess"]
[Site "Chess.com"]
[Date "2023.05.20"]
[Round "-"]
[White "Inglaterra"]
[Black "birdseed45"]
[Result "0-1"]
[WhiteElo "2075"]
[BlackElo "1854"]
[TimeControl "300"]
[EndTime "10:43:53 PDT"]
[Termination "birdseed45 won by resignation"]

1. d4 Nf6 2. c4 g6 3. Nc3 Bg7 4.
g3 d5 5. cxd5 Nxd5 6. Bg2 Nxc3 7. bxc3 O-O 8. Nf3 c6 9. O-O Nd7 10. e4 e5 11. Re1 exd4 12. cxd4 Nb6 13. Bb2 Bg4 14. h3 Bxf3 15. Bxf3 Nc4 16. Bc3 Qb6 17.
Qb3 Bxd4 18. Bxd4 Qxd4 19. Qxb7 Rab8 20. Qxc6 Rb2 21. Be2 Rxe2 22. Rxe2 Qxa1+ 23. Kg2 Qd4 24. h4 Ne5 25. Qf6 Re8 26. h5 gxh5 27. f4 Qd3 28. Qg5+ Ng6 29. Qxh5 Rxe4 30. Rxe4 Qxe4+ 31. Kh3 Qd3 32. Qg5 Qf1+ 33. Kh2 Qf2+ 34. Kh3 Qf1+ 35.
Kh2 Qe2+ 36. Kh3 Kf8 37. f5 Ne7 38. f6 Qe6+ 39. Kh2 Nf5 40. g4 Qe2+ 41. Kg1 Qe3+ 0-1

[Event "Live Chess"]
[Site "Chess.com"]
[Date "2023.05.20"]
[Round "-"]
[White "Hussamalhaidar"]
[Black "kenn48"]
[Result "1-0"]
[WhiteElo "1008"]
[BlackElo "1206"]
[TimeControl "300"]
[EndTime "10:43:56 PDT"]
[Termination "Hussamalhaidar won on time"]

1. b3 e5 2. Bb2 Nc6 3. e3 d5 4.
Bb5 Bd7 5. Bxc6 Bxc6 6. Bxe5 d4 7. Nf3 d3 8. O-O dxc2 9. Qxc2 Bxf3 10. gxf3 c6 11. Nc3 Qg5+ 12. Bg3 h5 13. h4 Qf6 14.
Qe4+ Be7 15. d4 Nh6 16. Be5 Qxh4 17. Qxh4 Bxh4 18. Bxg7 Rg8 19. Kh2 Rxg7 20. Ne4 O-O-O 21. Kh3 Be7 22. Rac1 Kb8 23. a4 Rdg8 24. a5 f5 25. Nc3 b6 26. axb6 axb6 27. Na4 Kb7 28. b4 b5 29.
Nc5+ Kc8 30. Ne6 Rg6 31. Nf4 Rd6 32. Nxh5 Nf7 33. Nf4 Ng5+ 34. Kg2 Ne4+ 35. Kh2 Rh6+ 36. Nh3 1-0

[Event "Live Chess"]
[Site "Chess.com"]
[Date "2023.05.20"]
[Round "-"]
[White "Ferrarifan27"]
[Black "vinni3012"]
[Result "1-0"]
[WhiteElo "2089"]
[BlackElo "1852"]
[TimeControl "300"]
[EndTime "10:44:05 PDT"]
[Termination "Ferrarifan27 won by resignation"]

1. e4 c6 2. d4 d5 3. e5 Bf5 4. h4 h5 5. Bg5 Qb6 6. Bd3 Bxd3 7. Qxd3 Qxb2 8. e6 Nf6 9. exf7+ Kxf7 10. Nf3 Nbd7 11.
O-O e5 12. dxe5 Nxe5 13. Nxe5+ Qxe5 14. Nd2 Bd6 15. Nf3 Qe4 16. Qb3 b5 17. Rfe1 Qf5 18.
a4 a6 19. Nd4 Qd7 20. Bxf6 gxf6 21. axb5 axb5 22. Rxa8 Rxa8 23. Nxb5 Be5 24. Nc3 Rb8 25. Qa3 Re8 26. Na4 Bh2+ 27. Kf1 Rxe1+ 28. Kxe1 Qe7+ 29.
Qxe7+ Kxe7 30. g3 Kd6 31. Kf1 1-0

[Event "Live Chess"]
[Site "Chess.com"]
[Date "2023.05.20"]
[Round "-"]
[White "DenDenTie"]
[Black "bristolunichess"]
[Result "0-1"]
[WhiteElo "689"]
[BlackElo "1811"]
[TimeControl "300"]
[EndTime "10:44:06 PDT"]
[Termination "bristolunichess won on time"]

1. e4 e6 2. Nf3 d5 3. exd5 exd5 4. d4 Bd6 5. Bd3 Ne7 6. Nc3 c6 7. Bg5 O-O 8. O-O h6 9. Bh4 Bg4 10. h3 Bh5 11. Be2 Bg6 12. Bd3 Bxd3 13. Qxd3 Nd7 14. Rfe1 Re8 15. Rad1 Qc7 16. Kf1 g5 17. Bg3 Bxg3 18. fxg3 Qxg3 19. Qe3 Nf5 20. Qxe8+ Rxe8 0-1

[Event "Live Chess"]
[Site "Chess.com"]
[Date "2023.05.20"]
[Round "-"]
[White "Pablo_dmp"]
[Black "ACx04"]
[Result "1-0"]
[WhiteElo "1871"]
[BlackElo "423"]
[TimeControl "300"]
[EndTime "10:44:10 PDT"]
[Termination "Pablo_dmp won by checkmate"]

1. e4 e5 2. Nc3 Nf6 3. f4 exf4 4. e5 Ng8 5. Nf3 Nc6 6. d4 d5 7. Bxf4 f5 8. Bb5 Bd7 9. O-O a6 10. Bd3 h6 11. Nxd5 g5 12. Bd2 b5 13. Qe1 g4 14.
e6 Bc8 15. Nh4 Bxe6 16. Qxe6+ Nce7 17. Nf6+ Nxf6 18. Qxf6 Nd5 19. Qe5+ Be7 20. Nxf5 Qd7 21. Qxh8+ Kf7 22. Ng7+ Bf6 23. Qxh6 Ke7 24. Nf5+ Qxf5 25. Bxf5 c6 26. Rae1+ Kf7 27. Be6+ Ke7 28. Bxd5+ Kd6 29.
Qxf6+ Kxd5 30. Qe6+ Kxd4 31. Rf4+ Kc5 32. Be3# 1-0

[Event "Live Chess"]
[Site "Chess.com"]
[Date "2023.05.20"]
[Round "-"]
[White "JanMur7"]
[Black "friarnator"]
[Result "0-1"]
[WhiteElo "1947"]
[BlackElo "1977"]
[TimeControl "300"]
[EndTime "10:44:12 PDT"]
[Termination "friarnator won by checkmate"]

1. e4 Nf6 2. Nc3 d5 3. e5 d4 4. exf6 dxc3 5. fxg7 cxd2+ 6. Qxd2 Qxd2+ 7. Bxd2 Bxg7 8. O-O-O O-O 9. Kb1 a5 10. Bd3 a4 11. a3 Na6 12. Be3 b6 13. Ne2 Bb7 14.
f3 c5 15. Ng3 Nc7 16. Nf5 e6 17. Nxg7 Kxg7 18. Bf4 Nd5 19. Be5+ f6 20. Bd6 Rfd8 21.
Bg3 Bc6 22. Rhe1 Kf7 23. Bc4 b5 24. Bxd5 Bxd5 25. Bf2 Rdc8 26. Re3 b4 27. Rc1 b3 28. c4 Bb7 29. Rce1 Rc6 30. Rd3 Ke7 31. Red1 Bc8 32. Rd8 Ra7 33. Bg3 Rd7 34. R8xd7+ Bxd7 35. Bf2 e5 36. Rd5 Be6 37. Rxc5 Rxc5 38. Bxc5+ Kd7 39.
Kc1 Bxc4 40. Kd2 Ke6 41. g3 Bd5 42. Ke3 Kf5 43. Be7 Bc6 44. h4 Ke6 45. Bd8 f5 46. Bc7 h5 47. Bb8 Kd5 48. Bc7 Bb5 49.
Bb8 Bf1 50. Ba7 Bg2 51. Kf2 Bh1 52. Ke3 Kc4 53. Bb8 e4 54. f4 Bf3 55. Ba7 Bg4 56. Bd4 Bd1 57. Bc3 Bc2 58. Bb4 Bd1 59. Bf8 Bc2 60.
Bg7 Bd1 61. Bh8 Bc2 62. Bf6 Bd1 63. Bg5 Bc2 64. Bh6 Bd1 65. Bf8 Bc2 66. Be7 Bd1 67. Bd8 Bc2 68. Bc7 Bd1 69. Bb8 Bc2 70. Ba7 Bd1 71.
Kd2 Bc2 72. Bb6 Bd3 73. Ba5 Bc2 74. Ke3 Bd3 75. Bc3 Kd5 76. Bh8 Ke6 77. Bg7 Kd5 78.
Be5 Bc2 79. Kd2 Bd3 80. Bb8 Bf1 81. Ba7 Bg2 82. Kc3 Bh3 83. Be3 Bf1 84. Kb4 Ba6 85. Ka5 Kc4 86. Kxa6 Kd3 87. Bc5 e3 88. Kb5 e2 89.
Bb4 Kc2 90. Bc3 e1=Q 91. Bxe1 Kxb2 92. Kxa4 Kc2 93. Bc3 Kxc3 94. Kb5 b2 95. a4 b1=Q+ 96. Kc6 Qb4 97. Kd5 Qxa4 98. Ke6 Qe4+ 99. Kf6 Kd4 100.
Kg5 Ke3 101. Kxh5 Kf3 102. Kg5 Kxg3 103. h5 Qxf4+ 104. Kg6 Qg4+ 105. Kh6 f4 106. Kh7 f3 107. h6 f2 108. Kh8 f1=Q 109. h7 Qa1# 0-1

[Event "Live Chess"]
[Site "Chess.com"]
[Date "2023.05.20"]
[Round "-"]
[White "Pandreq"]
[Black "MaximKris"]
[Result "0-1"]
[WhiteElo "1269"]
[BlackElo "1859"]
[TimeControl "300"]
[EndTime "10:44:14 PDT"]
[Termination "MaximKris won on time"]

1. d4 d5 2. c4 e6 3. cxd5 exd5 4.
Nc3 Nf6 5. Nf3 Bd6 6. Bg5 c6 7.
e3 h6 8. Bh4 Nbd7 9. Bd3 g5 10.
Bg3 Bxg3 11. hxg3 Qc7 12. g4 Nxg4 13. Nxg5 Nxe3 14. Qe2 O-O 15. Rxh6 Nxg2+ 16. Kf1 Nf4 17. Qg4 Nf6 18. Qh4 N4h5 19. Rxh5 Nxh5 20. Qxh5 f6 21. Bh7+ Kg7 22. Qg6+ Kh8 23. Bg8 Qg7 24. Qxg7+ Kxg7 25. Be6 fxg5 26. Bxc8 Raxc8 27. Ke2 Rh8 28. Rg1 Rce8+ 29.
Kd3 Kg6 30. f4 Rhf8 0-1

[Event "Live Chess"]
[Site "Chess.com"]
[Date "2023.05.20"]
[Round "-"]
[White "kevinmilleruk"]
[Black "MaximKhimchenko"]
[Result "0-1"]
[WhiteElo "1114"]
[BlackElo "1349"]
[TimeControl "300"]
[EndTime "10:44:14 PDT"]
[Termination "MaximKhimchenko won by checkmate"]

1. c4 e5 2. Nc3 Bc5 3. g3 Nf6 4. Bg2 Nc6 5. d3 d6 6. Bg5 h6 7. Bxf6 Qxf6 8. Nf3 Nd4 9. O-O Nxf3+ 10. exf3 h5 11. Nd5 Qd8 12. h4 g5 13. Qa4+ c6 14. Ne3 Bxe3 15. fxe3 gxh4 16. gxh4 Qxh4 17. d4 Qg3 18. d5 Bh3 19. Rf2 Rg8 20. Qc2 Ke7 21.
dxc6 bxc6 22. c5 d5 23. b4 Rg6 24. Kh1 Bxg2+ 25. Rxg2 Qh3+ 26. Rh2 Qxf3+ 27. Rg2 Rag8 28. Rg1 Qh3+ 29. Rh2 Rxg1# 0-1

[Event "Live Chess"]
[Site "Chess.com"]
[Date "2023.05.20"]
[Round "-"]
[White "ramses-IIG"]
[Black "flyingpuffins"]
[Result "0-1"]
[WhiteElo "773"]
[BlackElo "1976"]
[TimeControl "300"]
[EndTime "10:44:16 PDT"]
[Termination "flyingpuffins won by resignation"]

1. e4 c5 2. Nf3 g6 3. d4 cxd4 4. Nxd4 Nc6 5. Nxc6 bxc6 6. Qf3 Bg7 7. Bc4 Nf6 8. c3 O-O 9. h4 d5 10. exd5 cxd5 11.
Be2 Bg4 12. Qe3 Bxe2 13. Qxe2 e5 14. Bg5 d4 15. Na3 dxc3 16. bxc3 e4 17. Qe3 Qa5 18. Nc4 Qa6 19. Ne5 Nd5 20. Qxe4 Bxe5 21. Qxd5 Bxc3+ 22. Kd1 Bxa1 23. Kc1 Rac8+ 24. Kb1 Bg7 25. Be7 Qb6+ 26. Qb3 Qxb3+ 27. axb3 Rfe8 28. Bc5 Rxc5 0-1

[Event "Live Chess"]
[Site "Chess.com"]
[Date "2023.05.20"]
[Round "-"]
[White "martynstanley"]
[Black "ReeceHockton"]
[Result "1-0"]
[WhiteElo "989"]
[BlackElo "323"]
[TimeControl "300"]
[EndTime "10:44:21 PDT"]
[Termination "martynstanley won by resignation"]

1. d4 d5 2. e3 c6 3. Bd3 Nd7 4. f4 e5 5. fxe5 f6 6. exf6 gxf6 7. Nf3 Bd6 8. O-O Ne7 9. c3 a6 10. Nbd2 b5 11. Nh4 Ra7 12. Nf5 Nxf5 13. Bxf5 Rg8 14.
Qh5+ Ke7 15. Qxh7+ Kf8 16. Qh6+ Rg7 17. Bxd7 Bxd7 18.
Rxf6+ Kg8 19. Rxd6 Qg5 20. Qxg5 Rxg5 21. Nf3 Bh3 22. g3 Rag7 23. Nxg5 Rxg5 24. Rxc6 Rxg3+ 25. hxg3 1-0

[Event "Live Chess"]
[Site "Chess.com"]
[Date "2023.05.20"]
[Round "-"]
[White "Tushinskiy"]
[Black "amazinggoalkeeper"]
[Result "1-0"]
[WhiteElo "2106"]
[BlackElo "499"]
[TimeControl "300"]
[EndTime "10:44:27 PDT"]
[Termination "Tushinskiy won by resignation"]

1. d4 d5 2. c3 Nc6 3. Nf3 Bf5 4.
Bf4 Nf6 5. Nbd2 Ne4 6. e3 Nxd2 7.
Qxd2 Be4 8. Be2 g6 9. O-O Bg7 10. b4 O-O 11. a4 f6 12. a5 g5 13. Bg3 h5 14. h4 gxh4 15. Nxh4 f5 16. b5 f4 17.
exf4 Bf6 18. bxc6 Bxh4 19. Bxh4 bxc6 20. Bxh5 Rb8 1-0

[Event "Live Chess"]
[Site "Chess.com"]
[Date "2023.05.20"]
[Round "-"]
[White "lightningorderyt"]
[Black "alanmike75"]
[Result "0-1"]
[WhiteElo "549"]
[BlackElo "1480"]
[TimeControl "300"]
[EndTime "10:44:34 PDT"]
[Termination "alanmike75 won on time"]

1. d4 d5 2. c4 c6 3. Nc3 Nf6 4. Bg5 e6 5. e3 Be7 6. Bd3 Nbd7 7. Nf3 O-O 8. O-O h6 9. Bf4 a6 10. Qb3 dxc4 11. Bxc4 b5 12. Bd3 c5 13. Ne5 c4 14.
Nxc4 bxc4 15. Bxc4 Nb6 16. Bd3 Nbd5 17. Be4 Nxe4 18.
Nxe4 Nxf4 19. exf4 Qxd4 20. Qf3 Rb8 21. Rad1 Qxb2 22. f5 exf5 23. Ng3 Qf6 24. Nh5 Qg5 25. Nf4 Bb7 26. Nd5 Bxd5 27. Qxd5 f4 28. Qxg5 hxg5 29. Rd5 f6 30. Rfd1 Rb2 31. f3 Rxa2 32. Rd7 Rf7 33.
Rxe7 Rxe7 34. Rd8+ Kf7 0-1